 Dungeon Crawl Stone Soup version 0.22.1-2-g9c5b331 (webtiles) character file.

532 wall the Skirmisher (level 7, -2/60 HPs)
             Began as a Grey Draconian Berserker on Nov 24, 2018.
             Was a Priest of Trog.
             Killed by divine providence
             ... invoked by a smoke demon
              (16 damage)
             ... on level 1 of the Abyss.
             The game lasted 00:57:51 (5022 turns).

wall the Skirmisher (Grey Draconian Berserker)      Turns: 5022, Time: 00:57:52

Health: -2/60      AC: 13    Str: 20    XL:     7   Next: 4%
Magic:  7/7        EV: 14    Int:  9    God:    Trog [***...]
Gold:   230        SH:  2    Dex: 15    Spells: 6/6 levels left

rFire    . . .     SeeInvis .   u - +0 trident
rCold    . . .     Gourm    .   (no shield)
rNeg     . . .     Faith    .   (armour unavailable)
rPois    .         Spirit   .   (helmet restricted)
rElec    .         Reflect  +   B - +0 cloak
rCorr    .         Harm     .   p - +0 pair of gloves
MR       .....                  (no boots)
Stlth    ++........             t - +2 amulet of reflection
HPRegen  0.20/turn              m - ring of flight
MPRegen  0.10/turn              r - +5 ring of dexterity

@: no status effects
A: walk through water, unfitting armour, unbreathing, cold-blooded, AC +11
a: Berserk, Trog's Hand, Renounce Religion, Evoke Flight


You were on level 1 of the Abyss.
You worshipped Trog.
Trog was most pleased with you.
You were not hungry.

You visited 1 branch of the dungeon, and saw 5 of its levels.
You visited the Abyss 1 time.
You also visited: Sewer.

You collected 230 gold pieces.

Inventory:

Hand Weapons
 e - a +0 hunting sling
 g - a +1 quarterstaff of protection
 u - a +0 trident (weapon)
 y - a +2 quarterstaff of chaos
 z - a +0 morningstar of protection
 C - a +2 mace of protection
Missiles
 f - 155 stones (quivered)
Armour
 p - a +0 pair of gloves (worn)
 B - a +0 cloak (worn)
Jewellery
 m - a ring of flight (left hand)
 r - a +5 ring of dexterity (right hand)
 t - a +2 amulet of reflection (around neck)
Wands
 E - a wand of paralysis (15)
 G - a wand of flame (30)
 I - a wand of polymorph (13)
Scrolls
 a - 2 scrolls of random uselessness {unknown}
 d - a scroll of noise {unknown}
 j - a scroll of fear
 n - a scroll of remove curse {unknown}
 o - 2 scrolls of amnesia
 q - 2 scrolls of blinking {unknown}
 s - 2 scrolls of immolation {unknown}
 v - 2 scrolls of fog {unknown}
 w - 4 scrolls of teleportation
 x - 2 scrolls of enchant armour {unknown}
 K - a scroll of magic mapping {unknown}
Potions
 c - a potion of magic
 h - a potion of cancellation
 i - a potion of haste {unknown}
 k - 2 potions of brilliance
 l - 4 potions of heal wounds
 A - a potion of invisibility {unknown}
 D - a potion of ambrosia {unknown}
 F - a potion of mutation {unknown}
 H - a potion of lignification {unknown}
Comestibles
 b - 8 rations


   Skills:
 + Level 4.9 Fighting
 + Level 4.8 Polearms
 + Level 3.7 Slings
 + Level 3.6 Dodging
 + Level 1.3 Stealth
 + Level 0.1 Evocations


You had 6 spell levels left.
You didn't know any spells.
Your spell library was empty.

Dungeon Overview and Level Annotations

Branches:
Dungeon (5/15)             Temple (0/1) D:4

Altars:
Ashenzari
Cheibriados
Hepliaklqana
Uskayaw
Xom


Innate Abilities, Weirdness & Mutations

You can walk through water.
Your dull iron-grey scales are very hard. (AC +11)
You cannot fit into any form of body armour.
You can survive without breathing.
You are cold-blooded and may be slowed by cold attacks.


Message History

The smoke demon closely misses you.
You hit the smoke demon.
The smoke demon is lightly wounded.
The smoke demon hits you.
The smoke demon hits you but does no damage.
The smoke demon closely misses you.
You hit the smoke demon.
The smoke demon is moderately wounded.
The smoke demon gestures at you. The ball of steam hits you!
* * * LOW HITPOINT WARNING * * *
You hit the smoke demon but do no damage.
You tail-slap the smoke demon.
The smoke demon is moderately wounded.
You are engulfed in a cloud of scalding steam.
The smoke demon gestures at you. The ball of steam misses you.
The smoke demon gestures at you. Something smites you!
You die...

#####
......
####......
#@........
#ยง3#.....
##.# ...
#.# . .#.
.# .. ..
... #.
..## .#
.#.


You could see a smoke demon.

Vanquished Creatures
  A centaur (D:5)
  A centaur zombie (D:5)
  A hound (D:4)
  An orc wizard (D:5)
  Crazy Yiuf (D:3)
  Natasha (thrice) (D:4)
  3 worker ants
  Robin (D:3)
  5 adders
  A white imp (Abyss:1)
  An ooze (Sewer)
  An adder skeleton (D:4)
  5 worms
  4 dart slugs
  4 leopard geckos
  3 orcs
  12 bats
  4 giant cockroaches
  12 goblins
  11 hobgoblins
  4 jackals (D:3)
  A quokka (D:2)
  2 ball pythons
  4 frilled lizards
  10 kobolds
  11 rats
107 creatures vanquished.

Notes
Turn   | Place    | Note
-------+----------+-------------------------------------------
     0 | D:1      | wall the Draconian Berserker began the quest for the Orb.
     0 | D:1      | Reached XP level 1. HP: 19/19 MP: 1/1
   122 | D:1      | Reached XP level 2. HP: 23/26 MP: 2/2
   840 | D:2      | Reached XP level 3. HP: 21/33 MP: 3/3
   849 | D:2      | Reached ** piety under Trog
  1478 | D:2      | Found a hazy altar of Hepliaklqana.
  2071 | D:2      | Reached XP level 4. HP: 40/40 MP: 4/4
  2080 | D:2      | Reached skill level 1 in Slings
  2385 | D:3      | Found a shattered altar of Ashenzari.
  2385 | D:3      | Noticed Robin
  2451 | D:3      | Killed Robin
  2517 | D:3      | Reached *** piety under Trog
  2883 | D:3      | Found a glowing drain.
  2963 | Sewer    | Entered a sewer
  2977 | Sewer    | Reached XP level 5. HP: 47/47 MP: 5/5
  3291 | D:3      | Found a runed door.
  3295 | D:3      | Noticed Crazy Yiuf
  3304 | D:3      | Killed Crazy Yiuf
  3622 | D:4      | Found a staircase to the Ecumenical Temple.
  3821 | D:4      | Found a snail-covered altar of Cheibriados.
  4074 | D:4      | Noticed Natasha
  4086 | D:4      | Killed Natasha
  4086 | D:4      | Reached XP level 6. HP: 43/53 MP: 6/6
  4181 | D:4      | Noticed Natasha
  4190 | D:4      | Killed Natasha
  4350 | D:4      | Noticed Natasha
  4365 | D:4      | Killed Natasha
  4441 | D:5      | Entered Level 5 of the Dungeon
  4450 | D:5      | Reached skill level 1 in Stealth
  4623 | D:5      | Found a hide-covered altar of Uskayaw.
  4752 | D:5      | Your scales start taking on a dull iron-grey colour.
  4752 | D:5      | Reached XP level 7. HP: 55/60 MP: 7/7
  4752 | D:5      | Gained mutation: You can survive without breathing. [Grey
                  | Draconian growth]
  4849 | D:5      | Found a shimmering altar of Xom.
  4888 | D:5      | Cast into level 1 of the Abyss (crimson imp)
  4933 | Abyss:1  | Noticed a white draconian
  5009 | Abyss:1  | Noticed a smoke demon
  5011 | Abyss:1  | Noticed a raiju
  5022 | Abyss:1  | Killed from afar by a smoke demon

Skill      XL: |  1  2  3  4  5  6 |
---------------+-------------------+-----
Dodging        | 3 |  3.6
Fighting       | 4 |  4.9
Slings         | 1 3 |  3.7
Polearms       | 4 |  4.8
Stealth        | 1 |  1.3
Evocations     | |  0.1

Action                   |  1- 3 |  4- 6 |  7- 9 || total
-------------------------+-------+-------+-------++-------
Melee: Spear             |    94 |     8 |       ||   102
       Tailslap          |    12 |    20 |     4 ||    36
       Trident           |    23 |   126 |    23 ||   172
 Fire: Hunting sling     |    39 |   102 |     5 ||   146
Throw: Stone             |     6 |       |       ||     6
 Abil: Evoke Flight      |       |     1 |       ||     1
  Use: Scroll            |     2 |     5 |       ||     7
       Potion            |       |     2 |       ||     2
 Stab: Sleeping          |     1 |       |       ||     1
  Eat: Chunk             |     1 |     8 |     1 ||    10
       Ration            |     1 |       |       ||     1
Armor: Skin              |    45 |    35 |    10 ||    90
Dodge: Dodged            |    97 |    94 |    11 ||   202
Block: Other             |     3 |    13 |     2 ||    18
       Reflection        |       |     1 |       ||     1
